 Dungeon Crawl Stone Soup version 0.20.0-10-g0535bb4 (webtiles) character file.

12925 Gukra the Transmogrifier (level 12, -6/68 HPs)
             Began as a Vine Stalker Transmuter on June 5, 2017.
             Was an Elder of Hepliaklqana.
             Mangled by an eight-headed hydra (8 damage)
             ... on level 12 of the Dungeon.
             The game lasted 00:58:07 (8939 turns).

Gukra the Transmogrifier (Vine Stalker Transmuter)  Turns: 8939, Time: 00:58:08

Health: -6/68      AC: 12    Str: 12    XL:     12   Next: 0%
Magic:  0/35       EV: 10    Int: 17    God:    Hepliaklqana [****..]
Gold:   606        SH:  0    Dex: 17    Spells: 11/30 levels left

rFire    x . .     SeeInvis .     - Unarmed
rCold    + + +     Gourm    .   (shield currently unavailable)
rNeg     . . .     Faith    .   (armour currently unavailable)
rPois    +         Spirit   +   (helmet currently unavailable)
rElec    .         Reflect  .   (cloak currently unavailable)
rCorr    .         Harm     .   (gloves currently unavailable)
MR       +....                  (boots currently unavailable)
Stlth    ++........             (no amulet)
Regen    1.1/turn               y - ring of magical power
MPRegen  0.3/turn               A - +5 ring of protection (curse)

@: ice-form
A: reduced essence, rugged brown scales 1, regeneration 2, magic shield, no
potion heal 3, rot immunity
a: End Transformation, Recall Ancestor, Ancestor Identity, Transference,
Idealise, Renounce Religion


You were on level 12 of the Dungeon.
You worshipped Hepliaklqana.
Hepliaklqana was greatly pleased with you.
You were not hungry.
You were a creature of crystalline ice.
You visited 2 branches of the dungeon, and saw 13 of its levels.

You collected 606 gold pieces.

Inventory:

Hand Weapons
 l - a +1 whip of protection
Missiles
 a - 208 arrows
 b - 34 poisoned needles
 f - 4 javelins (quivered)
 n - 4 exploding tomahawks
 O - a throwing net
Armour
 g - a +2 robe of magic resistance
 m - a +2 cloak (melded)
 u - a +0 pair of boots (melded)
 v - a +2 pair of gloves (melded)
 D - a +0 helmet (melded)
 K - a +0 troll leather armour (melded)
Jewellery
 y - a ring of magical power (left front paw)
 A - a cursed +5 ring of protection (right front paw)
 H - an uncursed ring of stealth
Wands
 e - a wand of iceblast (1/15)
 t - a wand of iceblast (10/15)
 G - a wand of iceblast (2/15)
 N - a wand of flame (15/48)
Scrolls
 j - 7 scrolls of remove curse
 p - 3 scrolls of identify
 r - 3 scrolls of enchant armour
 B - a scroll of recharging
 F - a scroll of blinking
 I - 4 scrolls of teleportation
 M - a scroll of enchant weapon
Potions
 i - a potion of agility
 k - 3 potions of brilliance
 q - a potion of magic
 s - 5 potions of curing
 w - 2 potions of might
 C - a potion of cancellation
 J - a potion of haste
Books
 c - a book of Changes

   Spells                             Type                      Level
   a - Beastly Appendage              Transmutation                1
   b - Sticks to Snakes               Transmutation                2
   c - Spider Form                    Transmutation/Poison         3
   d - Ice Form                       Ice/Transmutation            4
   e - Blade Hands                    Transmutation                5
 E - a book of Flames

   Spells                             Type                      Level
   a - Flame Tongue                   Conjuration/Fire             1
   b - Throw Flame                    Conjuration/Fire             2
   c - Conjure Flame                  Conjuration/Fire             3
   d - Inner Flame                    Hexes/Fire                   3
   e - Sticky Flame                   Conjuration/Fire             4
   f - Fireball                       Conjuration/Fire             5
 L - a book of Clouds

   Spells                             Type                      Level
   a - Poisonous Vapours              Poison/Air                   2
   b - Mephitic Cloud                 Conjuration/Poison/Air       3
   c - Conjure Flame                  Conjuration/Fire             3
   d - Freezing Cloud                 Conjuration/Ice/Air          6
   e - Ring of Flames                 Charms/Fire                  7
Comestibles
 d - 8 bread rations
 h - 43 fruits
 o - 5 royal jellies
 z - 5 meat rations


   Skills:
 + Level 6.4 Fighting
 - Level 1.0 Throwing
 + Level 4.4 Armour
 - Level 1.7 Dodging
 - Level 8.0 Unarmed Combat
 + Level 9.6 Spellcasting
 + Level 10.2 Transmutations
 - Level 5.1 Ice Magic
 - Level 1.2 Air Magic
 - Level 2.0 Poison Magic
 + Level 0.1 Evocations


You had 11 spell levels left.
You knew the following spells:

 Your Spells              Type           Power        Failure   Level  Hunger
a - Poisonous Vapours     Pois/Air       ##....       7%          2    None
b - Sticks to Snakes      Tmut           #####...     1%          2    None
c - Spider Form           Tmut/Pois      ####......   2%          3    None
d - Ice Form              Ice/Tmut       ####....     3%          4    ###....
e - Blade Hands           Tmut           #####.....   3%          5    #####..
f - Mephitic Cloud        Conj/Pois/Air  ##......     17%         3    None


Dungeon Overview and Level Annotations

Branches:
Dungeon (12/15)            Temple (1/1) D:4             Orc (0/2) D:12
   Lair: D:8-11

Altars:
Ashenzari
Cheibriados
Dithmenos
Elyvilon
Fedhas
Gozag
Hepliaklqana
Makhleb
Nemelex Xobeh
Okawaru
Qazlal
Ru
Sif Muna
Trog
Uskayaw
Vehumet
Xom
Yredelemnul
Zin
The Shining One

Shops:
D:9 [


Innate Abilities, Weirdness & Mutations

((You have razor-sharp teeth.))
You heal very quickly.
When hurt, damage is shared between your health and your magic reserves.
((Your bite disrupts and absorbs the magic of your enemies.))
Potions cannot restore your health.
You are immune to rotting.
Your life essence is reduced. (-10% HP)
(You are partially covered in rugged brown scales. (AC +1, +3% HP))
((You are covered in fur. (AC +1)))


Message History

The eight-headed hydra is poisoned.
Your adder poisons the eight-headed hydra!
You hit the eight-headed hydra but do no damage.
The eight-headed hydra is moderately wounded.
Your adder bites the eight-headed hydra.
Atia hits the eight-headed hydra with a dagger of draining!
You pummel the eight-headed hydra!! You freeze the eight-headed hydra!
The eight-headed hydra is almost dead.
Your adder bites the eight-headed hydra.
The eight-headed hydra closely misses you. x2
The eight-headed hydra bites you!
* * * LOW HITPOINT WARNING * * *
The eight-headed hydra bites you.
* * * LOW HITPOINT WARNING * * *
The eight-headed hydra bites you!
* * * LOW HITPOINT WARNING * * *
The eight-headed hydra bites you!
* * * LOW HITPOINT WARNING * * *
The eight-headed hydra bites you!
You die...

........†..# ####.#.#
...........# #.#.#
.........<.# #.#.#
########.#### #.#.#
.........# #.#.#
################ #.#
...#...........###.########
##.#.#########.............
...#.##########DY..########
#..#..........RS..........#
#..############....######.#
#..# #....# #..# #....#
#..# #....# ...# #....#
#.#############....####
......>..†.............#


You could see the friendly Atia the hexer, an eight-headed hydra and a friendly
adder.

Vanquished Creatures
  A hydra (D:12)
  Harold (D:10)
  A two-headed ogre (D:12)
  3 centaur zombies (D:11)
  2 trolls (D:9)
  5 hippogriffs
  Sigmund (D:4)
  A wyvern (D:11)
  11 yaks
  A shadow (D:11)
  A water moccasin (D:10)
  2 ice beasts
  2 orc warriors
  A necrophage (D:10)
  An eye of draining (D:6)
  3 phantoms
  3 sky beasts
  A black bear (D:4)
  5 ogres
  2 centaurs
  2 big kobolds
  A gnoll sergeant (D:9)
  3 bullfrogs
  3 scorpions
  10 killer bees
  A howler monkey (D:7)
  4 crimson imps
  A bullfrog zombie (D:11)
  A quasit (D:6)
  3 jellies
  Crazy Yiuf (D:6)
  5 hounds
  An iguana (D:9)
  An orc priest (D:12)
  An orc wizard (D:12)
  3 bullfrog skeletons
  Natasha (D:2)
  3 worker ants
  2 hound skeletons
  A mummy (D:8)
  11 adders
  11 gnolls
  A howler monkey skeleton (D:7)
  4 shadow imps
  2 oozes (D:3)
  An adder skeleton (D:7)
  5 worms
  3 leopard geckos
  13 orcs
  A bat (D:1)
  3 giant cockroaches
  4 goblins
  10 hobgoblins
  10 jackals
  A quokka (D:2)
  A ball python (D:2)
  6 frilled lizards
  A jackal skeleton (D:6)
  11 kobolds
  3 kobold zombies (D:8)
  An orc zombie (D:8)
  7 rats
  A fungus (D:6)
207 creatures vanquished.

Vanquished Creatures (collateral kills)
  A two-headed ogre (D:8)
  A cyclops (D:11)
  A hornet (D:11)
  A hippogriff (D:9)
  4 yaks
  An ice beast (D:5)
  A necrophage (D:12)
  3 ogres
  A gnoll sergeant (D:6)
  A howler monkey (D:7)
  A crimson imp (D:12)
  A jelly (D:6)
  A hound (D:5)
  An orc priest (D:10)
  An iguana (D:7)
  A worker ant (D:9)
  A hound skeleton (D:6)
  3 gnolls (D:6)
  2 adders (D:3)
  An ooze (D:3)
  A worm (D:2)
  2 orcs (D:3)
  A giant cockroach (D:2)
  8 jackals
  A quokka (D:7)
  A ball python (D:4)
  2 kobolds
  A leopard gecko zombie (D:5)
45 creatures vanquished.

Vanquished Creatures (others)
  A wizard (D:9)
  4 hexers
  An ancestor (D:2)
6 creatures vanquished.

Grand Total: 258 creatures vanquished

Notes
Turn   | Place    | Note
-------+----------+-------------------------------------------
     0 | D:1      | Gukra the Vine Stalker Transmuter began the quest for the Orb.
     0 | D:1      | Reached XP level 1. HP: 9/9 MP: 4/4
   327 | D:1      | Reached XP level 2. HP: 14/14 MP: 6/6
   952 | D:1      | Reached XP level 3. HP: 12/17 MP: 4/7
   968 | D:1      | Learned a level 2 spell: Sticks to Snakes
   972 | D:1      | Learned a level 3 spell: Spider Form
   996 | D:1      | Gained mutation: You are partially covered in rugged brown scales. (AC +1, +3% HP) [potion of mutation]
   996 | D:1      | Gained mutation: You are covered in fur. (AC +1) [potion of mutation]
  1415 | D:2      | Noticed Natasha
  1430 | D:1      | Reached skill level 1 in Fighting
  1809 | D:2      | Found a hazy altar of Hepliaklqana.
  1815 | D:2      | Became a worshipper of Hepliaklqana the Forgotten
  1912 | D:3      | Gained mutation: Your natural rate of healing is unusually fast. [Vine Stalker growth]
  1912 | D:3      | Reached XP level 4. HP: 8/20 MP: 2/8
  2192 | D:3      | Reached skill level 1 in Poison Magic
  2198 | D:3      | Reached skill level 5 in Unarmed Combat
  2198 | D:3      | Reached XP level 5. HP: 16/23 MP: 2/9
  2582 | D:4      | Reached * piety under Hepliaklqana
  2638 | D:4      | Noticed an ogre
  2654 | D:4      | Killed an ogre
  2790 | D:4      | Reached XP level 6. HP: 27/27 MP: 10/10
  2794 | D:4      | Found a stormy altar of Qazlal.
  2794 | D:4      | Found a shattered altar of Ashenzari.
  2794 | D:4      | Found a shadowy altar of Dithmenos.
  2794 | D:4      | Found a hazy altar of Hepliaklqana.
  2794 | D:4      | Found a bloodstained altar of Trog.
  2795 | D:4      | Found a snail-covered altar of Cheibriados.
  2795 | D:4      | Found a shattered altar of Ashenzari.
  2795 | D:4      | Found an opulent altar of Gozag.
  2795 | D:4      | Found a hazy altar of Hepliaklqana.
  2795 | D:4      | Found a sacrificial altar of Ru.
  2795 | D:4      | Found a burning altar of Makhleb.
  2795 | D:4      | Found a white marble altar of Elyvilon.
  2795 | D:4      | Noticed a black bear
  2803 | D:4      | Killed a black bear
  2812 | D:4      | Found a staircase to the Ecumenical Temple.
  2817 | Temple   | Entered the Ecumenical Temple
  3064 | D:4      | Noticed Sigmund
  3074 | D:4      | Killed Sigmund
  3074 | D:4      | Reached XP level 7. HP: 26/31 MP: 5/11
  3220 | D:5      | Entered Level 5 of the Dungeon
  3368 | D:5      | Reached skill level 1 in Throwing
  3569 | D:5      | Reached ** piety under Hepliaklqana
  3570 | D:5      | Remembered your ancestor Atia as a hexer
  3590 | D:5      | Learned a level 4 spell: Ice Form
  3762 | D:5      | Reached skill level 1 in Ice Magic
  3762 | D:5      | Gained mutation: You have razor-sharp teeth. [Vine Stalker growth]
  3762 | D:5      | Reached XP level 8. HP: 29/36 MP: 7/12
  3791 | D:5      | Reached skill level 3 in Transmutations
  4245 | D:6      | Found a runed door.
  4340 | D:6      | Found a basalt altar of Yredelemnul.
  4417 | D:6      | Found a white marble altar of Elyvilon.
  4560 | D:6      | Reached skill level 4 in Transmutations
  4905 | D:2      | Killed Natasha
  5118 | D:6      | Reached XP level 9. HP: 40/40 MP: 11/16
  5126 | D:6      | Learned a level 5 spell: Blade Hands
  5446 | D:6      | Noticed Crazy Yiuf
  5451 | D:6      | Killed Crazy Yiuf
  5532 | D:7      | Reached skill level 5 in Transmutations
  5564 | D:7      | Reached skill level 5 in Spellcasting
  6058 | D:8      | Noticed a skeletal warrior
  6058 | D:8      | Noticed a skeletal warrior
  6058 | D:8      | Noticed a skeletal warrior
  6058 | D:8      | Noticed a skeletal warrior
  6086 | D:8      | Reached skill level 5 in Ice Magic
  6110 | D:8      | Noticed a two-headed ogre
  6121 | D:8      | Killed a two-headed ogre
  6121 | D:8      | Reached skill level 7 in Transmutations
  6121 | D:8      | Reached XP level 10. HP: 28/45 MP: 10/20
  6430 | D:9      | Reached *** piety under Hepliaklqana
  6481 | D:9      | Found Venac's Armour Boutique.
  6543 | D:9      | Reached skill level 8 in Transmutations
  6732 | D:9      | Found an opulent altar of Gozag.
  6952 | D:9      | Reached skill level 1 in Armour
  6971 | D:9      | Found a bloodstained altar of Trog.
  6972 | D:9      | Noticed a wizard
  6977 | D:9      | Killed a wizard
  7015 | D:10     | Entered Level 10 of the Dungeon
  7129 | D:10     | Reached skill level 5 in Fighting
  7148 | D:10     | Learned a level 2 spell: Poisonous Vapours
  7524 | D:10     | Noticed Harold
  7536 | D:10     | Killed Harold
  7536 | D:10     | Reached skill level 1 in Air Magic
  7536 | D:10     | Reached XP level 11. HP: 31/52 MP: 20/23
  7721 | D:11     | Noticed a cyclops
  7732 | D:11     | Killed a cyclops
  7732 | D:11     | Reached skill level 9 in Transmutations
  7985 | D:11     | Learned a level 3 spell: Mephitic Cloud
  8019 | D:11     | Reached **** piety under Hepliaklqana
  8736 | D:12     | Noticed a two-headed ogre
  8749 | D:12     | Killed a two-headed ogre
  8749 | D:12     | Reached skill level 10 in Transmutations
  8792 | D:12     | Noticed a seven-headed hydra
  8800 | D:12     | Killed a seven-headed hydra
  8800 | D:12     | Gained mutation: You heal very quickly. [Vine Stalker growth]
  8800 | D:12     | Reached XP level 12. HP: 53/57 MP: 19/26
  8855 | D:12     | Found a staircase to the Orcish Mines.
  8879 | D:12     | Noticed an eight-headed hydra
  8939 | D:12     | HP: 2/68 [eight-headed hydra (6)]
  8939 | D:12     | Mangled by an eight-headed hydra

Skill      XL: |  1  2  3  4  5  6  7  8  9 10 11 |
---------------+----------------------------------+-----
Unarmed Combat | 4 5 7 8 |  8.0
Fighting       | 1 2 3 4 6 |  6.4
Poison Magic   | 1 2 |  2.0
Throwing       | 1 |  1.0
Ice Magic      | 1 4 5 |  5.1
Spellcasting   | 4 6 7 9 |  9.6
Transmutations | 4 7 8 10 | 10.2
Armour         | 3 4 |  4.4
Air Magic      | 1 |  1.2
Dodging        | |  1.7
Evocations     | |  0.1

Action                   |  1- 3 |  4- 6 |  7- 9 | 10-12 || total
-------------------------+-------+-------+-------+-------++-------
Melee: Unarmed           |   102 |    66 |   252 |   291 ||   711
       Bite              |    16 |    13 |    25 |    36 ||    90
       Headbutt          |     9 |     4 |     7 |       ||    20
       Kick              |     6 |     1 |     5 |       ||    12
       Punch             |       |       |     6 |     4 ||    10
Throw: Javelin           |     4 |     2 |     2 |     3 ||    11
 Cast: Beastly Appendage |    26 |     9 |    13 |       ||    48
       Spider Form       |     3 |     6 |    14 |    10 ||    33
       Sticks to Snakes  |     1 |       |     1 |     7 ||     9
       Ice Form          |       |       |     3 |    11 ||    14
       Blade Hands       |       |       |       |    11 ||    11
       Poisonous Vapours |       |       |       |    12 ||    12
       Mephitic Cloud    |       |       |       |     2 ||     2
Invok: Ancestor Life: He |       |       |     1 |       ||     1
       Recall Ancestor   |       |       |     1 |       ||     1
 Abil: End Transformatio |       |       |       |     1 ||     1
Evoke: Wand              |       |       |       |     7 ||     7
  Use: Potion            |     3 |       |     2 |     2 ||     7
       Scroll            |       |       |    15 |     7 ||    22
 Stab: Sleeping          |     2 |       |     2 |       ||     4
       Distracted        |       |     1 |     3 |     2 ||     6
       Confused          |       |       |     3 |     4 ||     7
  Eat: Chunk             |     5 |     5 |    12 |    14 ||    36
       Fruit             |       |       |       |     1 ||     1
Armor: Robe              |    12 |     8 |    41 |    14 ||    75
       Skin              |       |     4 |    19 |    40 ||    63
       Troll leather arm |       |       |       |    26 ||    26
Dodge: Dodged            |    74 |    51 |   190 |   139 ||   454
